 Dungeon Crawl Stone Soup version 0.31-a0-263-ge8cad7f256 (webtiles) character file.

Game seed: 1218973705596560480

496055 Shard1697 the Bewitcher (level 23, 0/205 HPs)
             Began as a Grey Draconian Hedge Wizard on July 14, 2023.
             Was the Champion of Dithmenos.
             Killed from afar by an orb of fire (13 damage)
             ... with a bolt of fire
             ... on level 5 of the Realm of Zot.
             The game lasted 03:30:33 (55652 turns).

Shard1697 the Bewitcher (DrHW)                     Turns: 55652, Time: 03:30:33

Health: 0/205      AC: 29    Str:  9 (10) XL:     23   Next: 67%
Magic:  4/39       EV: 20    Int: 26 (27) God:    Dithmenos [******]
Gold:   1354       SH:  8    Dex: 13 (14) Spells: 2/46 levels left

rFire   + + .        a - +9 short sword (elec)
rCold   + + .        O - +3 buckler {AC+3}
rNeg    + . .        (body armour unavailable)
rPois   +            w - +2 hat
rElec   +            K - +1 cloak of Starlight {*Dazzle EV+4 Stlth--}
rCorr   +            E - +2 pair of gloves
SInv    .            B - +2 pair of boots {rampage}
Will    +....        J - amulet "Niamag" {rElec rC+ Regen+ Int+5}
Stlth   ++++++++++   k - ring of protection from fire
HPRegen 1.34/turn    f - ring of Woschyan {rPois rN+ Str-3 Slay+5 Stlth+}
MPRegen 0.26/turn

%: rampage
@: about to teleport, resistant, wreathed by umbra, constricted, studying
Throwing
A: AC +16, amphibious, unfitting armour, cold-blooded, mutation resistance 1,
subdued magic 1
}: 3/15 runes: serpentine, barnacled, abyssal
a: Renounce Religion, Shadow Step, Shadow Form


You were on level 5 of the Realm of Zot.
You worshipped Dithmenos.
Dithmenos was exalted by your worship.
You visited 9 branches of the dungeon, and saw 44 of its levels.
You visited the Abyss 1 time.

You collected 4870 gold pieces.
You spent 3516 gold pieces at shops.

Inventory:

Hand Weapons
 a - a +9 short sword of electrocution (weapon)
 b - a +5 rapier of speed
 M - a +2 short sword of distortion
 S - a +2 quick blade of protection
Armour
 w - a +2 hat (worn)
 B - a +2 pair of boots of rampaging (worn)
 E - a +2 pair of gloves (worn)
 K - the +1 cloak of Starlight (worn) {*Dazzle EV+4 Stlth--}
   (You found it on level 4 of the Lair of Beasts)

   *Dazzle:   It may blind those who miss an attack against the wearer in melee
   combat.
   EV:        It affects your evasion (+4).
   Stlth:     It makes you much less stealthy.
 N - a scarf of resistance
 O - a +3 buckler of protection (worn)
 V - a +2 kite shield of protection
 W - an orb of guile
Jewellery
 f - the ring of Woschyan (right hand) {rPois rN+ Str-3 Slay+5 Stlth+}
   (You bought it in a shop on level 2 of the Orcish Mines)

   [ring of positive energy]

   Str:       It affects your strength (-3).
   Slay:      It affects your accuracy & damage with ranged weapons and melee
   (+5).
   rPois:     It protects you from poison.
   rN:        It protects you from negative energy.
   Stlth:     It makes you more stealthy.
 i - a ring of willpower
 k - a ring of protection from fire (left hand)
 l - the ring "Uraups" {EV+5 Dex+5}
   (You bought it in a shop on level 3 of the Depths)

   [ring of evasion]

   EV:        It affects your evasion (+5).
   Dex:       It affects your dexterity (+5).
 A - an amulet of reflection
 J - the amulet "Niamag" (around neck) {rElec rC+ Regen+ Int+5}
   (You bought it in a shop on level 1 of the Orcish Mines)

   [amulet of regeneration]

   Int:       It affects your intelligence (+5).
   rC:        It protects you from cold.
   rElec:     It insulates you from electricity.
   Regen:     It increases your rate of health regeneration.
 L - a ring of ice
Wands
 h - a wand of iceblast (39)
 m - a wand of flame (93)
 u - a wand of paralysis (25)
 y - a wand of digging (6)
 G - a wand of polymorph (10)
 U - a wand of mindburst (14)
 X - a wand of acid (5)
Scrolls
 o - a scroll of teleportation
 p - 19 scrolls of identify
 x - 3 scrolls of vulnerability
 C - 7 scrolls of silence
 H - 7 scrolls of poison
 I - 3 scrolls of fog
 Q - 5 scrolls of fear
 T - a scroll of summoning
Potions
 c - 7 potions of magic
 d - 11 potions of might
 e - a potion of curing
 g - 4 potions of resistance
 n - 9 potions of lignification
 q - 6 potions of haste
 r - 7 potions of mutation
 s - 5 potions of attraction
 t - a potion of berserk rage
 z - 10 potions of enlightenment
 F - 3 potions of brilliance


   Skills:
 + Level 17.0 Fighting
 + Level 14.4 Short Blades
 + Level 16.6 Dodging
 - Level 17.9 Stealth
 - Level 5.9 Shields
 - Level 12.0 Spellcasting
 - Level 4.0 Conjurations
 + Level 20.6 Hexes
 - Level 14.9 Summonings
 - Level 5.4 Necromancy
 - Level 3.0 Translocations
 - Level 2.5 Air Magic
 - Level 3.0 Poison Magic
 - Level 11.8 Invocations


You had 2 spell levels left.
You knew the following spells:

 Your Spells              Type           Power      Damage    Failure   Level
a - Summon Mana Viper     Hex/Summ       70%        N/A       1%          5
b - Discord               Hex            38%        N/A       5%          8
c - Summon Cactus Giant   Summ           32%        N/A       1%          6
e - Ensorcelled Hibernat  Hex/Ice        100%       N/A       1%          2
f - Blink                 Tloc           48%        N/A       1%          2
g - Confusing Touch       Hex            76%        N/A       0%          3
h - Anguish               Hex/Necr       29%        N/A       1%          4
r - Enfeeble              Hex            38%        N/A       1%          7
t - Monstrous Menagerie   Summ           32%        N/A       8%          7

Your spell library contained the following spells:

 Spells                   Type           Power      Damage    Failure   Level
 Slow                     Hex            100%       N/A       0%          1
 Call Imp                 Summ           100%       N/A       0%          2
 Apportation              Tloc           48%        N/A       1%          1
 Kiss of Death            Conj/Necr      100%       2d13      1%          1
 Magic Dart               Conj           100%       1d8       1%          1
 Shock                    Conj/Air       100%       1d9       1%          1
 Cigotuvi's Dreadful Rot  Necr/Pois/Air  52%        N/A       1%          2
 Sublimation of Blood     Necr           33%        N/A       1%          2
 Wereblood                Tmut           12%        N/A       6%          2
 Call Canine Familiar     Summ           64%        N/A       0%          3
 Cause Fear               Hex            38%        N/A       0%          4
 Inner Flame              Hex/Fire       52%        N/A       1%          3
 Portal Projectile        Hex/Tloc       100%       N/A       1%          3
 Leda's Liquefaction      Hex/Erth       26%        N/A       1%          4
 Summon Ice Beast         Ice/Summ       41%        N/A       1%          4
 Summon Lightning Spire   Summ/Air       46%        N/A       1%          4
 Metabolic Englaciation   Hex/Ice        26%        N/A       1%          5
 Summon Forest            Summ/Tloc      24%        N/A       2%          5
 Mephitic Cloud           Conj/Pois/Air  24%        N/A       3%          3
 Vhi's Electric Charge    Tloc/Air       46%        N/A       3%          3
 Swiftness                Air            22%        N/A       4%          3
 Dispel Undead            Necr           33%        3d14      4%          4
 Summon Hydra             Summ           32%        N/A       8%          7
 Frozen Ramparts          Ice            24%        1d4       13%         3
 Ozocubu's Armour         Ice            12%        N/A       13%         3
 Manifold Assault         Tloc           24%        N/A       13%         4
 Airstrike                Air            11%        2d(2-18)  16%         4
 Flame Wave               Conj/Fire      20%        2d7       19%         4
 Sticky Flame             Conj/Fire      20%        2d4       19%         4
 Arcjolt                  Conj/Air       12%        1d22      32%         5
 Petrify                  Tmut/Erth      12%        N/A       41%         4
 Alistair's Intoxication  Tmut/Pois      12%        N/A       56%         5
 Lee's Rapid Deconstruct  Erth           6%         3d6*      78%         5
 Conjure Ball Lightning   Conj/Air       12%        3x3d6     89%         6
 Dispersal                Tloc           12%        N/A       91%         6
 Simulacrum               Ice/Necr       11%        N/A       94%         6
 Plasma Beam              Fire/Air       8%         2x1d19    99%         6
 Disjunction              Tloc           12%        N/A       100%        8
 Animate Armour           Summ/Erth      Unusable   N/A       N/A         4

Dungeon Overview and Level Annotations

Branches:
Dungeon (15/15)            Temple (1/1) D:6            Lair (5/5) D:9
 Shoals (4/4) Lair:2        Snake (4/4) Lair:3        Slime (0/5) Lair:4
    Orc (2/2) D:11            Elf (0/3) Orc:2        Vaults (4/5) D:14
  Crypt (0/3) Vaults:2     Depths (4/4) D:15            Zot (5/5) Depths:4

Altars:
Ashenzari
Cheibriados
Dithmenos
Elyvilon
Fedhas
Gozag
Kikubaaqudgha
Nemelex Xobeh
Okawaru
Ru
Sif Muna
Uskayaw
Vehumet
Wu Jian
Xom
Yredelemnul
The Shining One

Shops:
D:14 :   Orc:1 =   Orc:2 ?(:=   Vaults:2 *   Zot:5 *   Depths:3 [=:*

Portals:
Hell: Depths:1 Depths:2 Depths:3
Abyss: Depths:3 Depths:4
Pandemonium: Depths:2 Depths:3 Depths:4
Ziggurat: Depths:2

Annotations:
D:4 2 runed translucent doors
Snake:4 3 runed translucent doors, Josuitwi's ghost, adept MfGl
Vaults:2 Mennas
Depths:1 3 transporters
Zot:4 exclusion: downstairs
Zot:5 2 transporters


Innate Abilities, Weirdness & Mutations

Your dull iron-grey scales are very hard. (AC +16)
You are amphibious.
You cannot fit into any form of body armour.
You are cold-blooded and may be slowed by cold attacks.
You are somewhat resistant to further mutation.
Your spells are a little easier to cast, but a little less powerful.


Message History

The bolt of lightning hits the electric golem.
The electric golem completely resists.
The Orb Guardian barely misses you.
You block the tentacled monstrosity's attack.
The tentacled monstrosity tentacle-slaps you but does no damage.
You block the tentacled monstrosity's attack.
The tentacled monstrosity grabs you.
The tentacled monstrosity constricts you.
You hear a shout!
You hear a deafening roar!
You feel better.
The orb of fire glows bright magenta.
Strange energies course through your body.
You feel odd for a moment. You block the Orb Guardian's attack.
The storm dragon breathes lightning at you.
The bolt of lightning hits the orb of fire.
The orb of fire completely resists.
The bolt of lightning hits you! You resist.
The bolt of lightning hits the Orb Guardian!! x4
The tentacled monstrosity tentacle-slaps you but does no damage.
The tentacled monstrosity tentacle-slaps you. x2
The tentacled monstrosity constricts you.
The Orb Guardian hits you.
* * * LOW HITPOINT WARNING * * *
You hear a deafening roar!
You feel better. You block the Orb Guardian's attack.
The tentacled monstrosity misses you.
The tentacled monstrosity tentacle-slaps you but does no damage.
The tentacled monstrosity tentacle-slaps you.
The tentacled monstrosity constricts you.
You feel better.
The orb of fire glows bright magenta.
The bolt of fire hits you! You resist. The Orb Guardian hits you!!
* * * LOW HITPOINT WARNING * * *
You emit a cloud of dark smoke.
The orb of fire emits a lurid red light.
The bolt of fire hits you!! You resist.
* * * LOW HITPOINT WARNING * * *
You emit a cloud of dark smoke.
The orb of fire glows deep purple.
The bolt of fire hits you! You resist.
You die...

,,***,,,,,,,***,,,,^,,,,,,,,,,,,,
,,**,,,,,,,,,*▓.........,,,,,,,,,
,,*,,,^,^,,,,,▓.........,,,,,,,,,
,,,,,,^,,,,,,,X......*..,,,,,,,,,
^,*,,,,,,,,,,,▓§....^...,,,,,,,,,
,,**,,,,,,,,,*▓X§§§....?,,,,,,,,,
,,***,,,,,,,**▓XXX9§....,,,,,,,,,
,,* ********* #XX*X§...*,,,,,,,,,
,** *#@*p.....,,,,,,,,, **
##▓D§...$,,,,,,,,,
**▓▓...,,,,,,,,, #
#▓▓▓▓▓▓▓▓*****,,, ###
###..^^....^,,,,,,, §.##
##....#*,,,,,,,,,,,,
...###########...###,^,,,,,,,,,,,
#...............##*^,,,,,,,,,,,,,
##.............## *,,,,,,,,,,,,,^


You could see 2 orbs of fire, a Killer Klown, an electric golem, a tentacled
monstrosity, a storm dragon and 5 Orb Guardians.

Vanquished Creatures
  An orb of fire (Zot:5)
  Boris (thrice) (Vaults:2 Depths:1 Depths:4)
  Xtahua (Vaults:2)
  The ghost of Futuid the Convoker, a veteran MfSu of Gozag (Depths:2)
  3 golden dragons
  Jorgrun (Shoals:3)
  Mlioglotl (Shoals:3)
  5 tentacled monstrosities
  3 liches
  A walking earthen tome (Depths:2)
  7 Orb Guardians (Zot:5)
  4 quicksilver dragons
  Polyphemus (Shoals:3)
  2 acid blobs (Zot:4)
  2 death cobs
  Kirke (Shoals:4)
  3 shadow dragons
  2 tentacled starspawn (Abyss:3)
  2 sphinxes
  4 draconian monks
  4 tengu reavers
  5 storm dragons
  Donald (Snake:1)
  A draconian knight (Zot:1)
  5 frost giants
  10 vault wardens
  4 nagarajas
  2 fire giants
  Louise (Snake:1)
  A draconian scorcher (Zot:4)
  A balrug (Depths:2)
  The ghost of lmSkywalker the Grappler, a journeyman DrSh of Wu Jian (Shoals:1)
  2 orc warlords
  4 draconian shifters
  4 war gargoyles
  2 spriggan defenders
  11 ironbound preservers
  13 very ugly things
  3 formless jellyfish
  10 ironbound thunderhulks
  2 vampire knights (Depths:3)
  10 stone giants
  A black draconian (Zot:5)
  2 apis (D:13)
  4 red draconians
  A green draconian (Zot:4)
  A white draconian (Zot:2)
  A spark wasp (Depths:2)
  3 yellow draconians
  2 dire elephants
  3 purple draconians
  6 ettins
  A deep elf death mage (Vaults:2)
  5 merfolk impalers
  4 jiangshi
  5 fire dragons
  5 merfolk javelineers (Shoals:4)
  7 yaktaur captains
  5 great orbs of eyes
  7 ice dragons
  3 hydras
  4 rakshasas
  2 peacekeepers
  4 salamander tyrants
  2 ogre magi (Orc:2)
  4 catoblepae
  6 vault guards
  8 boulder beetles
  8 merfolk avatars
  3 spriggan air magi
  A death knight (D:13)
  Erica (D:11)
  19 centaur warriors
  7 ironbound frosthearts
  A satyr (Shoals:4)
  12 two-headed ogres
  2 dancing weapons (D:14)
  2 alligator snapping turtles
  7 anacondas
  8 death yaks
  3 tengu warriors
  A hell hog (Depths:1)
  10 shock serpents
  2 deep troll earth magi
  15 naga warriors
  2 spriggan berserkers (Depths:2)
  Urug (Lair:1)
  7 hell knights
  A thrashing horror (Abyss:3)
  5 vampire magi
  8 naga sharpshooters
  Sonja (Lair:4)
  2 sun demons (Depths:1)
  5 skysharks
  6 salamander mystics
  An iron troll (Depths:2)
  A sixfirhy (Depths:2)
  A skeletal warrior (D:13)
  10 sea snakes
  34 deep trolls
  A kraken simulacrum (Shoals:4)
  3 glowing orange brains
  6 wizards
  6 naga ritualists
  A phantasmal warrior (Depths:3)
  14 ironbound convokers
  3 necromancers
  15 lindwurms
  6 nameless horrors
  A wolf spider zombie (D:13)
  23 ugly things
  7 orc knights
  2 starcursed masses (Abyss:3)
  15 harpies
  A deep elf pyromancer (D:12)
  4 mana vipers
  An orc sorcerer (Orc:1)
  9 fauns (Shoals:1)
  A tengu skeleton (Vaults:2)
  A fire giant zombie (Vaults:4)
  5 moths of wrath
  22 manticores
  16 salamanders
  An iron dragon skeleton (Depths:3)
  10 elephants (Lair:5)
  7 cyclopes
  An elephant (shapeshifter) (Depths:4)
  13 naga magi
  28 black mambas
  2 centaur zombies
  9 merfolk sirens
  4 guardian serpents
  An ice statue (Shoals:4)
  A frost giant skeleton (Vaults:4)
  A human skeleton (Vaults:4)
  3 water nymphs
  A torpor snail (Lair:5)
  20 cane toads
  A smoke demon (Depths:2)
  2 centaur skeletons (D:13)
  8 vault sentinels
  An elf zombie (Vaults:4)
  2 unseen horrors
  6 rime drakes
  2 freezing wraiths
  15 yaktaurs
  A tengu conjurer (Depths:2)
  3 komodo dragons
  5 polar bears
  9 merfolk
  3 wind drakes
  2 hornets
  17 trolls
  17 blink frogs
  10 snapping turtles
  A meliai zombie (D:13)
  3 dream sheep (Shoals:4)
  3 large abominations (Abyss:3)
  14 slime creatures
  7 water elementals
  3 vampires
  40 yaks
  A spriggan (Depths:3)
  2 shadows
  5 wyverns
  2 ynoxinuls
  4 wraiths
  3 hogs (Shoals:4)
  6 basilisks
  2 neqoxecs (Abyss:3)
  4 steam dragons
  5 vampire mosquitoes
  49 nagas
  6 wargs
  An ogre zombie (Vaults:2)
  4 small abominations (Abyss:3)
  A floating eye (Depths:2)
  15 water moccasins
  15 orc warriors
  7 black bears
  29 wolves
  21 ogres
  4 boggarts (Vaults:2)
  A centaur (shapeshifter) (Depths:2)
  9 centaurs
  4 kobold brigands
  12 bullfrogs
  5 gnoll sergeants
  4 scorpions
  A glowing shapeshifter simulacrum (Depths:3)
  3 wights
  7 killer bees
  A howler monkey (D:5)
  A quasit (Abyss:3)
  12 orc priests
  4 hounds
  5 jellies (Zot:4)
  Jessica (D:2)
  6 iguanas
  23 orc wizards
  9 adders
  12 gnolls
  A white imp (D:5)
  4 dart slugs
  44 orcs
  5 ball pythons
  5 bats
  An endoplasm (D:3)
  2 giant cockroaches
  6 goblins
  5 hobgoblins
  4 jackals
  3 quokkas (D:1)
  2 frilled lizards (D:3)
  8 kobolds
  8 rats
1272 creatures vanquished.

Vanquished Creatures (collateral kills)
  An orb of fire (Zot:2)
  A Killer Klown (Zot:4)
  Margery (Vaults:2)
  3 curse toes
  3 liches
  3 acid blobs (Zot:4)
  A tentacled starspawn (Abyss:3)
  2 tengu reavers
  A shadow dragon (Zot:2)
  2 storm dragons
  3 nagarajas
  5 fire giants
  4 frost giants
  2 draconian monks (Zot:4)
  A draconian knight (Zot:5)
  A deep elf sorcerer (Vaults:4)
  A juggernaut zombie (Depths:3)
  2 vault wardens (Vaults:4)
  2 draconian shifters
  3 draconian scorchers
  3 draconian stormcallers
  A balrug (Depths:1)
  A spriggan defender (Depths:3)
  8 ironbound preservers
  13 very ugly things
  2 war gargoyles
  3 draconian annihilators (Zot:4)
  An orc warlord (Vaults:3)
  4 stone giants
  A vampire knight (Vaults:4)
  6 ironbound thunderhulks
  3 green draconians
  7 dire elephants (Vaults:1)
  11 yellow draconians
  5 black draconians
  5 white draconians
  3 purple draconians
  6 red draconians
  A crystal guardian (Vaults:1)
  5 ettins
  2 jiangshi (Depths:1)
  A great orb of eyes (Vaults:2)
  A merfolk javelineer (Shoals:4)
  A merfolk impaler (Shoals:3)
  4 yaktaur captains
  An entropy weaver (Vaults:4)
  A rakshasa (Depths:1)
  8 vault guards
  4 ice dragons
  A peacekeeper (Vaults:3)
  An ironbound frostheart (Vaults:1)
  3 spriggan air magi
  An anaconda (Snake:1)
  4 centaur warriors (Vaults:2)
  A catoblepas (Vaults:4)
  A deep troll shaman (Depths:3)
  2 tengu warriors (Depths:1)
  6 naga warriors
  3 naga sharpshooters
  A deep troll earth mage (Depths:2)
  4 spriggan berserkers
  A titan zombie (Vaults:4)
  A shock serpent (shapeshifter) (Depths:4)
  A sixfirhy (Depths:3)
  3 sea snakes
  2 iron trolls
  34 deep trolls
  3 glowing orange brains
  2 ironbound convokers
  A shadow demon (Depths:3)
  A naga ritualist (Snake:3)
  A mana viper (Snake:3)
  A phantasmal warrior (Depths:3)
  2 lindwurms
  12 ugly things
  2 harpies (Vaults:2)
  3 necromancers
  7 wizards
  3 oklob plants (Zot:4)
  2 manticores
  2 fauns (Shoals:1)
  A moth of wrath (shapeshifter) (Vaults:3)
  A moth of wrath (Zot:4)
  4 naga magi
  2 salamanders
  4 vault sentinels
  5 black mambas
  2 merfolk sirens (Shoals:4)
  An orange demon (Depths:2)
  2 smoke demons
  A tormentor (Depths:2)
  8 yaktaurs
  An ancient zyme (Abyss:3)
  A red devil (Depths:2)
  2 hornets (Depths:3)
  A blink frog (Abyss:3)
  A snapping turtle (Shoals:2)
  2 nameless horrors
  3 slime creatures
  A human skeleton (Vaults:2)
  A spriggan (Depths:3)
  A ynoxinul (Depths:3)
  2 neqoxecs (Abyss:3)
  9 nagas
  An ettin simulacrum (Vaults:2)
  A bullfrog (D:7)
  A gnoll sergeant (D:11)
  The ghost of SirDiesAlot the Sneak, a weakling OpEn (D:5)
  7 jellies
  3 starcursed masses (Abyss:3)
  An orc wizard (D:4)
  A gnoll (D:2)
  3 adders
  A shadow imp (D:4)
  6 orcs
  A bat (D:1)
  2 goblins (D:4)
  5 hobgoblins
  3 quokkas
  A ball python (D:4)
360 creatures vanquished.

Vanquished Creatures (others)
  A draconian monk (Zot:4)
  2 fire giants
  2 vault wardens (Vaults:4)
  2 draconian stormcallers
  A very ugly thing (Depths:2)
  2 ironbound preservers
  A black draconian (Zot:4)
  3 yellow draconians (Zot:4)
  3 vault guards
  A hydra (Lair:5)
  A rakshasa (Depths:3)
  2 centaur warriors
  A deep troll earth mage (Depths:2)
  A deep troll shaman (Depths:2)
  A skyshark (shapeshifter) (Vaults:4)
  6 deep trolls
  2 wizards
  2 ironbound convokers
  A guardian serpent (Snake:1)
  A rust devil (Depths:3)
  3 vault sentinels
  A hornet (Depths:2)
  A spriggan (Depths:2)
  A human (Shoals:4)
  8 starspawn tentacles (Abyss:3)
  4 tentacles (Shoals:4)
54 creatures vanquished.

Grand Total: 1686 creatures vanquished

Notes
Turn   | Place    | Note
-------+----------+-------------------------------------------
     0 | D:1      | Shard1697 the Draconian Hedge Wizard began the quest for
                  | the Orb.
     0 | D:1      | Reached XP level 1. HP: 14/14 MP: 4/4
   346 | D:1      | Reached XP level 2. HP: 15/20 MP: 0/6
   388 | D:1      | Learned a level 2 spell: Call Imp
   723 | D:1      | Reached XP level 3. HP: 18/26 MP: 7/7
   764 | D:1      | Learned a level 1 spell: Slow
  1272 | D:2      | Reached skill level 1 in Hexes
  1573 | D:2      | Reached XP level 4. HP: 33/33 MP: 0/8
  1675 | D:2      | Found a faded altar of an unknown god.
  1700 | D:2      | Noticed Jessica
  1709 | D:2      | Killed Jessica
  1710 | D:2      | Reached skill level 2 in Hexes
  1995 | D:2      | You fall into a shaft and drop 1 floor!
  2034 | D:3      | Noticed an ogre
  2055 | D:3      | Reached XP level 5. HP: 38/38 MP: 5/9
  2595 | D:4      | Found a snail-covered altar of Cheibriados.
  2626 | D:4      | Reached skill level 1 in Short Blades
  2682 | D:4      | Reached skill level 3 in Hexes
  3061 | D:4      | Learned a level 3 spell: Mephitic Cloud
  3151 | D:3      | Killed an ogre
  3152 | D:3      | Reached skill level 1 in Air Magic
  3152 | D:3      | Reached skill level 1 in Poison Magic
  3152 | D:3      | Reached XP level 6. HP: 45/45 MP: 6/10
  3207 | D:5      | Entered Level 5 of the Dungeon
  3433 | D:5      | Your scales start taking on a dull iron-grey colour.
  3433 | D:5      | Reduced skill Air Magic to level 1
  3433 | D:5      | Reached XP level 7. HP: 37/50 MP: 9/11
  4048 | D:5      | Found a runed translucent door.
  4126 | D:5      | Noticed SirDiesAlot's ghost (weakling OpEn)
  4178 | D:4      | Found a large runed translucent door.
  4179 | D:4      | Found a large runed translucent door.
  4291 | D:4      | Reached skill level 1 in Fighting
  4389 | D:4      | Identified a scroll of acquirement
  4389 | D:4      | Acquired a +5 rapier of speed
  4597 | D:5      | Killed SirDiesAlot's ghost
  4673 | D:6      | Reached XP level 8. HP: 61/61 MP: 9/12
  4796 | D:6      | Found a staircase to the Ecumenical Temple.
  4801 | Temple   | Entered the Ecumenical Temple
  4821 | Temple   | Became a worshipper of Dithmenos the Shadowed
  4860 | D:6      | Identified the +1 ring mail of Ijeism {Dex+3 Stlth+}
  5612 | D:7      | Learned a level 3 spell: Confusing Touch
  5764 | D:7      | Reached skill level 5 in Short Blades
  6556 | D:8      | Reached XP level 9. HP: 72/72 MP: 13/13
  6730 | D:8      | Reached skill level 4 in Hexes
  7160 | D:8      | Reached skill level 5 in Hexes
  7708 | D:9      | Reached * piety under Dithmenos
  7813 | D:9      | Noticed a troll
  7995 | D:9      | Reached skill level 6 in Hexes
  8004 | D:9      | Found a staircase to the Lair.
  8019 | D:9      | Reached XP level 10. HP: 71/80 MP: 11/14
  8144 | D:9      | Noticed a two-headed ogre
  8152 | D:9      | Killed a two-headed ogre
  8153 | D:9      | Reached skill level 5 in Stealth
  8443 | D:9      | Reached skill level 5 in Fighting
  8760 | D:10     | Entered Level 10 of the Dungeon
  8809 | D:10     | Reached ** piety under Dithmenos
  8822 | D:10     | Reached skill level 7 in Hexes
  9199 | D:11     | Noticed a manticore
  9202 | D:11     | Noticed a two-headed ogre
  9385 | D:11     | Identified the +4 rapier "Zufar" {flame, Contam rElec rPois
                  | rN+}
  9395 | D:11     | Noticed a boulder beetle
  9412 | D:11     | Killed a boulder beetle
  9612 | D:11     | Found a staircase to the Orcish Mines.
  9879 | D:10     | Reached XP level 11. HP: 68/89 MP: 9/15
  9971 | D:11     | Reached skill level 10 in Short Blades
  9996 | D:11     | Reached skill level 8 in Hexes
 10167 | D:11     | Reached skill level 1 in Shields
 10495 | D:11     | Noticed a two-headed ogre
 10516 | D:11     | Noticed Erica
 10521 | D:11     | Reached *** piety under Dithmenos
 10712 | D:11     | Killed Erica
 10875 | D:11     | Killed a two-headed ogre
 10882 | D:11     | Killed a two-headed ogre
 10883 | D:11     | Reached skill level 9 in Hexes
 11210 | Lair:1   | Entered Level 1 of the Lair of Beasts
 11279 | Lair:1   | Noticed Urug
 11326 | Lair:1   | Killed Urug
 11350 | Lair:1   | Reached skill level 5 in Shields
 11605 | Lair:1   | Reached XP level 12. HP: 100/100 MP: 10/16
 11984 | Lair:1   | Identified the +0 robe "Fexis" {Int+6 Slay+2}
 12470 | Lair:2   | Reached skill level 10 in Hexes
 12586 | Lair:2   | Found a staircase to the Shoals.
 13071 | Lair:2   | Found a snail-covered altar of Cheibriados.
 13122 | Lair:1   | Learned a level 4 spell: Anguish
 13142 | Lair:2   | Reached **** piety under Dithmenos
 13786 | Lair:2   | Noticed a boulder beetle
 13808 | Lair:2   | Killed a boulder beetle
 14028 | Lair:3   | Reached skill level 5 in Dodging
 14407 | Lair:3   | Noticed a death yak
 14408 | Lair:3   | Noticed a death yak
 14409 | Lair:3   | Noticed a death yak
 14409 | Lair:3   | Noticed a death yak
 14409 | Lair:3   | Noticed a death yak
 14409 | Lair:3   | Noticed a death yak
 14411 | Lair:3   | Killed a death yak
 14435 | Lair:2   | Killed a death yak
 14460 | Lair:2   | Killed a death yak
 14461 | Lair:2   | Reached skill level 11 in Hexes
 14786 | Lair:3   | Killed a death yak
 14790 | Lair:3   | Killed a death yak
 14791 | Lair:3   | Reached skill level 1 in Necromancy
 14791 | Lair:3   | Reached XP level 13. HP: 91/110 MP: 14/17
 15091 | Lair:3   | Found a staircase to the Snake Pit.
 15924 | Lair:4   | Found a staircase to the Slime Pits.
 15942 | Lair:4   | Reached ***** piety under Dithmenos
 16225 | Lair:4   | Noticed a fire dragon
 16246 | Lair:4   | Killed a fire dragon
 16254 | Lair:4   | Found the +1 cloak of Starlight {*Dazzle EV+4 Stlth--}
 16498 | Lair:4   | Noticed Sonja
 16502 | Lair:4   | Killed Sonja
 16764 | Lair:5   | Entered Level 5 of the Lair of Beasts
 17215 | Lair:5   | Reached skill level 5 in Necromancy
 17252 | Lair:5   | Reached skill level 12 in Hexes
 17499 | Lair:5   | Reached XP level 14. HP: 105/119 MP: 15/18
 17618 | Lair:5   | Reached skill level 10 in Fighting
 18004 | Lair:5   | Identified the +1 trident "Ykluneqi" {flame, rElec rN+
                  | Will+ rCorr}
 18476 | Orc:1    | Entered Level 1 of the Orcish Mines
 18631 | Orc:1    | You fall into a shaft and drop 1 floor!
 18631 | Orc:2    | Entered Level 2 of the Orcish Mines
 18679 | Orc:2    | Found a staircase to the Elven Halls.
 19129 | Orc:1    | Found Juojul's Jewellery Emporium.
 19198 | Orc:1    | Bought the amulet "Niamag" {rElec rC+ Regen+ Int+5} for 615
                  | gold pieces
 19360 | Orc:1    | Bought a ring of protection from fire for 250 gold pieces
 19502 | Orc:2    | Found Ithelaas's Weapon Boutique.
 19593 | Orc:2    | Reached skill level 10 in Stealth
 19593 | Orc:2    | Reached skill level 13 in Hexes
 19605 | Orc:2    | Reached ****** piety under Dithmenos
 19666 | Orc:2    | Found Ziboqea's Magic Scroll Emporium.
 19670 | Orc:2    | Found Paodd's Jewellery Shop.
 19722 | Orc:2    | Paralysed by something for 3 turns
 19925 | Orc:2    | Bought the ring of Woschyan {rPois rN+ Str-3 Slay+5 Stlth+}
                  | for 681 gold pieces
 19929 | Orc:2    | Found Apuskionn's Book Boutique.
 20558 | D:12     | Learned a level 2 spell: Blink
 20958 | D:12     | Reached skill level 10 in Dodging
 21796 | D:13     | Noticed an apis
 21801 | D:13     | Killed an apis
 21806 | D:13     | Found a glowing golden altar of the Shining One.
 21812 | D:13     | Noticed an apis
 21823 | D:13     | Killed an apis
 21874 | D:13     | Reached XP level 15. HP: 118/126 MP: 20/20
 22377 | D:13     | Reached skill level 14 in Hexes
 23025 | D:14     | Reached skill level 5 in Spellcasting
 23491 | D:14     | Found a gate to the Vaults.
 23544 | D:14     | Found Cymosarr's Book Boutique.
 24020 | D:15     | Entered Level 15 of the Dungeon
 24090 | D:15     | Found a staircase to the Depths.
 24378 | Orc:2    | Bought a book of Beasts for 456 gold pieces
 24385 | Orc:2    | Learned a level 5 spell: Summon Mana Viper
 24393 | Orc:2    | Learned a level 7 spell: Enfeeble
 24658 | Snake:1  | Entered Level 1 of the Snake Pit
 24823 | Snake:1  | Noticed Louise
 24836 | Snake:1  | Killed Louise
 24837 | Snake:1  | Reached skill level 15 in Hexes
 24848 | Snake:1  | Noticed Donald
 24858 | Snake:1  | Killed Donald
 24955 | Snake:1  | Noticed a nagaraja
 24971 | Snake:1  | Killed a nagaraja
 25315 | Snake:1  | Reached skill level 16 in Hexes
 25928 | Snake:2  | Reached XP level 16. HP: 134/134 MP: 25/25
 26943 | Snake:2  | Identified the +3 hand axe of Qazlal's Regard {antimagic,
                  | Will+}
 28637 | Snake:4  | Entered Level 4 of the Snake Pit
 29158 | Snake:4  | Found a runed translucent gate.
 29158 | Snake:4  | Found a runed translucent gate.
 29158 | Snake:4  | Found a runed translucent gate.
 29163 | Snake:4  | Noticed Josuitwi's ghost (adept MfGl)
 29868 | Snake:4  | Reached XP level 17. HP: 143/144 MP: 20/27
 30578 | Snake:4  | Got a serpentine rune of Zot
 30760 | Shoals:1 | Entered Level 1 of the Shoals
 31215 | Shoals:1 | Reached skill level 17 in Hexes
 31271 | Shoals:1 | Found a runed translucent door.
 31395 | Shoals:1 | Noticed lmSkywalker's ghost (journeyman DrSh)
 31417 | Shoals:1 | Killed lmSkywalker's ghost
 32951 | Shoals:3 | Noticed Mlioglotl
 33136 | Shoals:3 | Killed Mlioglotl
 33273 | Shoals:3 | Noticed Polyphemus
 33320 | Shoals:3 | Killed Polyphemus
 33705 | Shoals:3 | Noticed Jorgrun
 33727 | Shoals:3 | Killed Jorgrun
 34306 | Shoals:3 | Learned a level 8 spell: Discord
 34307 | Shoals:4 | Entered Level 4 of the Shoals
 34606 | Shoals:4 | Reached XP level 18. HP: 140/151 MP: 21/31
 34816 | Shoals:4 | Noticed Kirke
 34932 | Shoals:4 | Killed Kirke
 35050 | Shoals:4 | Reached skill level 18 in Hexes
 35593 | Shoals:4 | Got a barnacled rune of Zot
 36310 | Vaults:1 | Entered Level 1 of the Vaults
 37367 | Vaults:1 | You fall into a shaft and drop 1 floor!
 37438 | Vaults:2 | Reached skill level 19 in Hexes
 37581 | Vaults:2 | Identified the +1 ring mail of Kikubaaqudgha's Pride {Will-
                  | rCorr SInv}
 37613 | Vaults:2 | Noticed Xtahua
 37614 | Vaults:2 | Reached XP level 19. HP: 160/160 MP: 28/32
 37644 | Vaults:2 | Paralysed by Xtahua for 3 turns
 37838 | Vaults:2 | Learned a level 2 spell: Ensorcelled Hibernation
 37838 | Vaults:2 | Noticed Boris
 37875 | Vaults:2 | Killed Boris
 37898 | Vaults:2 | Noticed Mennas
 38787 | Vaults:1 | Reached skill level 10 in Spellcasting
 39226 | Vaults:2 | Paralysed by Xtahua for 5 turns
 40069 | Vaults:3 | Reached skill level 15 in Dodging
 40427 | Vaults:3 | Learned a level 7 spell: Monstrous Menagerie
 40722 | Vaults:3 | Reached skill level 5 in Summonings
 41257 | Vaults:2 | Found Lacvet's Assorted Antiques.
 41283 | Vaults:2 | Paralysed by Xtahua for 2 turns
 41303 | Vaults:2 | Killed Xtahua
 41419 | Vaults:2 | Bought a potion of might for 156 gold pieces
 41419 | Vaults:2 | Bought a glowing rapier for 273 gold pieces
 41525 | Vaults:2 | Learned a level 6 spell: Summon Cactus Giant
 41672 | Vaults:2 | Found a staircase to the Crypt.
 41804 | Vaults:2 | Noticed Margery
 41823 | Vaults:2 | Killed Margery
 41824 | Vaults:2 | Reached skill level 10 in Summonings
 41824 | Vaults:2 | Reached XP level 20. HP: 119/170 MP: 20/34
 44365 | Vaults:4 | Identified the staff "Duryiho" {rElec rF+ rCorr Fire}
 44397 | Vaults:4 | Identified the +9 broad axe of Terra Nullius {freeze, Will-
                  | Int+4 Stlth+}
 44465 | Vaults:4 | Identified the +6 quarterstaff of Action {flame, rF- Str+8}
 45771 | Depths:1 | Entered Level 1 of the Depths
 45836 | Depths:1 | Found a hide-covered altar of Uskayaw.
 45995 | Depths:1 | Found a transporter.
 45996 | Depths:1 | Found a transporter.
 45999 | Depths:1 | Found a transporter.
 45999 | Depths:1 | Found a transporter.
 46040 | Depths:1 | Reached XP level 21. HP: 180/180 MP: 35/35
 46810 | Depths:1 | Found a gateway to Hell.
 46905 | Depths:1 | Noticed Boris
 46949 | Depths:1 | Killed Boris
 46960 | Depths:1 | Learned a level 7 spell: Monstrous Menagerie
 47426 | Depths:2 | Found a one-way gate leading to the halls of Pandemonium.
 47783 | Depths:2 | Found a transporter.
 47785 | Depths:2 | Noticed Futuid's ghost (veteran MfSu)
 47789 | Depths:2 | Identified the +7 giant club "Ynoovaf" {flame, Int+2}
 47790 | Depths:2 | Found a transporter.
 47810 | Depths:2 | Killed Futuid's ghost
 47828 | Depths:2 | Identified the +0 scale mail "Rast" {Int+4 Dex+2}
 48395 | Depths:2 | Noticed a golden dragon
 48530 | Depths:2 | Killed a golden dragon
 48884 | Depths:2 | Found a one-way gateway to a ziggurat.
 49183 | Depths:2 | Reached skill level 15 in Stealth
 49310 | Depths:2 | Found a sparkling altar of Nemelex Xobeh.
 49909 | Depths:3 | Reached XP level 22. HP: 188/188 MP: 29/38
 50215 | Depths:3 | Reached skill level 20 in Hexes
 50356 | Depths:3 | Found a one-way gate to the infinite horrors of the Abyss.
 50524 | Depths:3 | Found Zaam's Jewellery Emporium.
 50526 | Depths:3 | Found Jubeggeu's General Store.
 50526 | Depths:3 | Found Pidgh's Antique Armour Emporium.
 50529 | Depths:3 | Found Putsug's Book Shoppe.
 50630 | Depths:3 | Bought the ring "Uraups" {EV+5 Dex+5} for 909 gold pieces
 51318 | Depths:3 | Voluntarily entered the Abyss.
 51403 | Abyss:3  | Found a corrupted altar of Lugonu.
 51459 | Abyss:3  | Found a corrupted altar of Lugonu.
 51533 | Abyss:3  | Found a corrupted altar of Lugonu.
 51670 | Abyss:3  | Found a corrupted altar of Lugonu.
 51724 | Abyss:3  | Gained mutation: You sometimes lose your temper in combat.
                  | [a neqoxec]
 51758 | Abyss:3  | Lost mutation: You sometimes lose your temper in combat.
                  | [potion of mutation]
 51758 | Abyss:3  | Gained mutation: You are somewhat resistant to further
                  | mutation. [potion of mutation]
 51770 | Abyss:3  | Got an abyssal rune of Zot
 51892 | Depths:3 | Escaped the Abyss
 51930 | Depths:4 | Entered Level 4 of the Depths
 52059 | Depths:4 | Noticed Boris
 52082 | Depths:4 | Killed Boris
 52083 | Depths:4 | Reached skill level 15 in Fighting
 52205 | Depths:4 | Found a gate to the Realm of Zot.
 52467 | Zot:1    | Entered Level 1 of the Realm of Zot
 52768 | Zot:3    | Noticed an orb of fire
 52768 | Zot:3    | Noticed a curse toe
 52777 | Zot:3    | Gained mutation: You sometimes lose your temper in combat.
                  | [an orb of fire]
 52855 | Zot:2    | Lost mutation: You are somewhat resistant to further
                  | mutation. [potion of mutation]
 52855 | Zot:2    | Lost mutation: You sometimes lose your temper in combat.
                  | [potion of mutation]
 52855 | Zot:2    | Gained mutation: Your muscles are strong. (Str +4, Int/Dex
                  | -1) [potion of mutation]
 52855 | Zot:2    | Gained mutation: You are clumsy. (Dex -2) [potion of
                  | mutation]
 52855 | Zot:2    | Gained mutation: Your tail ends in a venomous barb. [potion
                  | of mutation]
 52882 | Zot:2    | Gained mutation: Your spells are a little easier to cast,
                  | but a little less powerful. [an orb of fire]
 52896 | Zot:2    | Killed an orb of fire
 52934 | Zot:2    | Lost mutation: Your tail ends in a venomous barb. [potion
                  | of mutation]
 52934 | Zot:2    | Lost mutation: You are clumsy. (Dex -2) [potion of
                  | mutation]
 52934 | Zot:2    | Lost mutation: Your muscles are strong. (Str +4, Int/Dex
                  | -1) [potion of mutation]
 52934 | Zot:2    | Gained mutation: You are somewhat resistant to further
                  | mutation. [potion of mutation]
 53094 | Zot:2    | Killed a curse toe
 53216 | Zot:2    | Reached skill level 1 in Invocations
 53318 | Zot:4    | Reached XP level 23. HP: 190/204 MP: 26/39
 53410 | Zot:4    | Noticed a Killer Klown
 53428 | Zot:4    | Killed a Killer Klown
 53429 | Zot:4    | Reached skill level 5 in Invocations
 53796 | Zot:4    | Noticed a curse toe
 53886 | Zot:3    | Killed a curse toe
 54455 | Zot:4    | Reached skill level 10 in Invocations
 54708 | Zot:5    | Entered Level 5 of the Realm of Zot
 54708 | Zot:5    | Found a transporter.
 54708 | Zot:5    | Found a transporter.
 54805 | Zot:5    | Found Fuc Wom's Changing Room.
 54854 | Zot:5    | Noticed a curse toe
 54881 | Zot:5    | Killed a curse toe
 55083 | Zot:5    | Bought a potion of mutation for 176 gold pieces
 55353 | Zot:5    | Noticed an orb of fire
 55508 | Zot:5    | Killed an orb of fire
 55625 | Zot:5    | Noticed a dread lich
 55626 | Zot:5    | Noticed a Killer Klown
 55637 | Zot:5    | Noticed a Killer Klown
 55637 | Zot:5    | Noticed an orb of fire
 55639 | Zot:5    | Noticed an orb of fire
 55644 | Zot:5    | Noticed a Killer Klown
 55652 | Zot:5    | Killed from afar by an orb of fire

Illustrated notes

Levels and vault maps discovered:
D:1:      heliophobic_arrival_dark_side_of_the_moon, layout_basic,
          palyth_stone_intersect, minmay_small_reverse_x
D:2:      layout_loops_cross, shapermc_ecumenical_altar_acropolis,
          nicolae_titane, uniq_jessica
D:3:      layout_rooms
D:4:      minmay_chambers_of_twos, layout_rooms, cheibriados_altar_1,
          jmf_multi_god_temple2, minmay_splitting_lines,
          kennysheep_generic_room_11
D:5:      layout_basic, ebering_ghost_sewer_d, nicolae_figureground_pulse
D:6:      layout_loops_ring, minmay_temple_entry_butterflies
D:7:      layout_basic, chequers_serial_rivers_micro_a
D:8:      layout_layer_cave, kennysheep_cross_room
D:9:      layout_irregular_city, due_lair_maze_entry_diamond,
          chequers_serial_rivers_small_3
D:10:     layout_roguey, st_stairs_7, chequers_serial_rivers_micro_c
D:11:     layout_basic, kennysheep_orc_monster_closet_entryway, minivault_23,
          uniq_erica
D:12:     layout_basic
D:13:     dreamdust_under_siege, layout_layer_cave
D:14:     layout_loops_ring, erik_vaults_1, gauntlet_entry_generic,
          nicolae_integral_box, serial_shops, shop
D:15:     grunt_enter_depths_hoard, layout_stronghold, roderic_lattice_a,
          drop_trap, nooodl_orcs_dogs
Temple:   nicolae_temple_bog_church
Lair:1:   layout_concentric_octagons, serial_bayou_crossing, uniq_urug
Lair:2:   layout_layer_cave, elwin_shoals_entry_rocks, basic_altar
Lair:3:   layout_cave_shapes, nicolae_snake_entry_squirm
Lair:4:   dragon1_lemuel, layout_loops_ring, dpeg_slime_entry_enclosed,
          uniq_sonja
Lair:5:   gammafunk_lair_ancient_temple, layout_cellular_growth
Shoals:1: layout_shoals, ebering_ghost_reflecting_pool
Shoals:2: cheibrodos_shoals_roost, layout_shoals, nicolae_shoals_lost_giant_hut
Shoals:3: nzn_motion_control, layout_shoals, nicolae_shoals_lost_giant_temple,
          uniq_mlioglotl, uniq_jorgrun, uniq_polyphemus
Shoals:4: shoals_end_grunt_ice, layout_shoals,
          portal_ice_cave_entry_ice_statue_one, uniq_kirke
Snake:1:  layout_misc_corridors, serial_bayou_pond_a, grunt_megastairs_3,
          uniq_donald, uniq_louise
Snake:2:  layout_layer_cave
Snake:3:  layout_misc_corridors, serial_bayou_shore_a
Snake:4:  minmay_snake_end_coiled, layout_chambers, gammafunk_ghost_necromancy,
          special_room
Orc:1:    layout_caves, serial_shops, shop, mines4_lemuel, uniq_erolcha
Orc:2:    st_orc_open, layout_caves, rock_pile
Vaults:1: nicolae_vaults_antechamber_and_loot_room, vaults_dpeg_diagonal,
          vaults_mumra_minichess_inversion, v_alt_pattern_1,
          hangedman_vaults_trim, dpeg_vaults_monster_row,
          nicolae_vaults_offset_grid_hallway_3, v_misc_30,
          nicolae_vaults_network_periphery, ontoclasm_vaults_ring_square,
          layout_vaults_big_cross
Vaults:2: minmay_crypt_entry_simple_round, nicolae_vaults_closet_pinwheel_3,
          nicolae_vaults_big_ls, hangedman_vaults_slice,
          nicolae_vaults_more_shelving_2, layout_vaults_big_room, serial_shops,
          nicolae_shop_tiny_real_fake_doors, uniq_margery, uniq_mennas,
          uniq_boris, uniq_xtahua
Vaults:3: nicolae_vaults_little_squares_5,
          vaults_standard_mumra_enter_the_diamond, ontoclasm_vaults_ligature,
          nicolae_vaults_prndl, grunt_vaults_hallway_short,
          nicolae_vaults_crenellated_ambush, nicolae_vaults_wine_cellar,
          ontoclasm_vaults_decontamination, nicolae_vaults_variable_pillar_hall,
          vaults_room_pools, v_misc_17, layout_vaults_omnigrid
Vaults:4: lightli_enter_wizlab_magi_temple, ontoclasm_vaults_ring_small,
          st_greater_box_1, v_pattern_4, nicolae_vaults_ring_of_whatevers,
          hangedman_vaults_slither, nicolae_vaults_border_crossing,
          vaults_dpeg_encased_lava, nicolae_vaults_hallways_thing,
          grunt_vaults_hallway_short, grunt_vaults_funnel,
          nicolae_vaults_specimen_jars, nicolae_vaults_surprise_closet,
          layout_vaults_omnibox
Depths:1: layout_gridlike, nicolae_uskayaw_dance_hall, hellmouth_1, st_stairs_9,
          kennysheep_another_room, grunt_ministairs_2, minmay_tree_intersection,
          nicolae_diode_quadrants
Depths:2: minmay_the_grid_plus_closed [minmay_the_grid_box_x,
          minmay_the_grid_plusring, minmay_the_grid_dragon_b,
          minmay_the_grid_expand, minmay_the_grid_prize_big_room],
          layout_gridlike, enter_ziggurat_b, lightli_too_deep,
          gammafunk_ghost_smash, nemelex_spade_bored_becter,
          rand_demon_pan_entry_9
Depths:3: dreamdust_experimentation, layout_long_grid,
          hangedman_abyss_entry_splay, pf_vacation_house_of_asmodeus,
          grunt_decor_fettered, rand_demon_pan_entry_3, minmay_three_doors,
          minmay_staircase_windowed_small, minmay_shoptagon
Depths:4: grunt_zot_entry_tricorne, layout_gridlike, minmay_misc_feat_tiny,
          hell_entry, pan_entry, abyss_entry, drop_trap, minmay_shop_grove
Zot:1:    hangedman_snap_crack_crunch, layout_onion_interference,
          grunt_ministairs_13
Zot:2:    layout_gridlike, ebering_ghost_disaster_area
Zot:3:    layout_gridlike, serial_nicolae_subway, nicolae_sub_station_stone,
          nicolae_sub_station_crystal, nicolae_sub_station_metal,
          grunt_megastairs_5, uniq_tiamat
Zot:4:    lemuel_acid_trip, layout_cathedral_of_symmetry,
          hangedman_zot_decor_slant
Zot:5:    layout_misc_corridors, nicolae_transmutations_shop,
          hangedman_zot_diagonal_lockstep, st_stairs_4, nicolae_diode_stairs

Skill      XL: |  1  2  3  4  5  6  7  8  9 10 11 12 13 14 15 16 17 18 19 20 21 22 23 |
---------------+----------------------------------------------------------------------+-----
Conjurations   | 2 3 4 |  4.0
Summonings     | 2 3 10 13 14 | 14.9
Hexes          | 1 2 3 6 7 9 11 12 13 16 17 19 20 | 20.6
Stealth        | 2 3 4 6 7 8 9 10 11 12 13 15 17 | 17.9
Short Blades   | 1 2 6 8 9 10 11 12 13 14 | 14.4
Air Magic      | 1 1 2 |  2.5
Poison Magic   | 1 2 3 |  3.0
Fighting       | 1 4 5 7 8 9 10 11 12 13 16 17 | 17.0
Shields        | 5 |  5.9
Dodging        | 2 6 8 10 11 13 14 15 16 | 16.6
Necromancy     | 1 5 |  5.4
Translocations | 3 |  3.0
Spellcasting   | 6 9 10 12 | 12.0
Invocations    | 1 11 | 11.8

Action                     |  1- 3 |  4- 6 |  7- 9 | 10-12 | 13-15 | 16-18 | 19-21 | 22-24 || total
---------------------------+-------+-------+-------+-------+-------+-------+-------+-------++-------
  Melee: Dagger            |     6 |       |       |       |       |       |       |       ||     6
         Whip              |    33 |       |       |       |       |       |       |       ||    33
         Tailslap          |     8 |     8 |    38 |   140 |   321 |   358 |   331 |   200 ||  1404
         Spear             |    40 |       |       |       |       |       |       |       ||    40
         Short sword       |     7 |   123 |   280 |   701 |  1491 |  1541 |  1462 |   789 ||  6394
         Punch             |     1 |     2 |     6 |     3 |       |       |       |       ||    12
         Rapier            |       |       |       |       |    11 |       |       |       ||    11
   Cast: Magic Dart        |    19 |    13 |     5 |     2 |       |       |       |       ||    39
         Call Imp          |     9 |    13 |    19 |     1 |     3 |       |       |       ||    45
         Slow              |     4 |     2 |     1 |       |       |       |       |       ||     7
         Mephitic Cloud    |       |       |    18 |    30 |    18 |       |       |       ||    66
         Confusing Touch   |       |       |     5 |    25 |    38 |     6 |       |       ||    74
         Anguish           |       |       |       |       |     4 |       |       |       ||     4
         Summon Mana Viper |       |       |       |       |    12 |    75 |    22 |     1 ||   110
         Enfeeble          |       |       |       |       |     1 |    48 |    37 |    10 ||    96
         Blink             |       |       |       |       |     1 |     1 |     5 |     1 ||     8
         Discord           |       |       |       |       |       |     6 |    24 |    24 ||    54
         Ensorcelled Hiber |       |       |       |       |       |       |    62 |     8 ||    70
         Summon Cactus Gia |       |       |       |       |       |       |    27 |       ||    27
         Monstrous Menager |       |       |       |       |       |       |    26 |    61 ||    87
 Invoke: Shadow Form       |       |       |       |       |       |       |       |     1 ||     1
  Evoke: Wand              |       |       |       |       |       |       |     8 |       ||     8
    Use: Scroll            |       |       |    27 |     7 |     9 |     3 |    15 |    16 ||    77
         Potion            |       |       |     2 |     1 |     2 |       |     8 |    23 ||    36
   Stab: Sleeping          |     4 |     2 |     4 |    15 |    38 |    68 |   102 |    21 ||   254
         Distracted        |     1 |       |     1 |       |     4 |    22 |    20 |    32 ||    80
         Confused          |       |       |     9 |    45 |    56 |     4 |       |       ||   114
         Invisible         |       |       |       |     8 |    45 |   100 |    75 |    21 ||   249
         Petrified         |       |       |       |       |       |     4 |       |       ||     4
         Paralysed         |       |       |       |       |       |       |     1 |     2 ||     3
 Armour: Skin              |    30 |    29 |    95 |   139 |   292 |   386 |   374 |   229 ||  1574
  Dodge: Dodged            |    65 |    54 |   113 |   206 |   789 |   994 |   916 |   566 ||  3703
         Repelled          |       |       |       |       |     1 |       |       |       ||     1
  Block: Other             |       |       |    32 |    32 |       |       |       |       ||    64
         Reflection        |       |       |     1 |       |     5 |       |       |       ||     6
         Buckler           |       |       |       |   122 |   358 |   221 |   283 |   222 ||  1206
         Kite shield       |       |       |       |       |       |    20 |       |       ||    20

Table legend: (Time is in decaauts)
 A = Elapsed time spent in this place.
 B = Non-inter-level travel time spent in this place.
 C = Inter-level travel time spent in this place.
 D = Time resting spent in this place.
 E = Time spent auto-exploring this place.
 F = Levels seen in this place.
 G = Mean time per level.
                   A        B        C        D        E       F      G
               +--------+--------+--------+--------+--------+-----+--------+
         Total |  53105 |  49817 |   3288 |   6025 |  30171 |  47 | 1129.9 |
       Dungeon |  16126 |  14785 |   1341 |   1399 |  10331 |  15 | 1075.1 |
        Temple |     34 |     21 |     13 |      0 |      0 |   1 |   34.0 |
          Lair |   7047 |   6554 |    493 |    455 |   4680 |   5 | 1409.4 |
        Shoals |   4994 |   4810 |    184 |    343 |   3083 |   4 | 1248.5 |
     Snake Pit |   5680 |   5460 |    220 |    291 |   3402 |   4 | 1420.0 |
  Orcish Mines |   1738 |   1421 |    317 |    135 |    821 |   2 |  869.0 |
        Vaults |   8121 |   7700 |    421 |   1503 |   3972 |   4 | 2030.2 |
        Depths |   5858 |   5708 |    150 |    498 |   3523 |   4 | 1464.5 |
           Zot |   3004 |   2857 |    147 |   1391 |    359 |   5 |  600.8 |
         Abyss |    498 |    498 |      0 |      9 |      0 |   3 |  166.0 |
               +--------+--------+--------+--------+--------+-----+--------+

Top non-repeatable levels by time:
Vaults:3: 2273 daAuts
Depths:2: 2225 daAuts
Vaults:4: 2013 daAuts
Vaults:2: 1956 daAuts
Vaults:1: 1878 daAuts
 Snake:2: 1856 daAuts
  Lair:2: 1854 daAuts
 Snake:4: 1851 daAuts
Depths:1: 1704 daAuts
    D:12: 1586 daAuts
Shoals:4: 1547 daAuts
    D:11: 1510 daAuts
  Lair:3: 1507 daAuts
Depths:3: 1415 daAuts
Shoals:3: 1395 daAuts
